 Dungeon Crawl Stone Soup version 0.27-a0-1301-g128193abf8 (webtiles) character file.

Game seed: 6399601405600926820

16818 spiderkeys the Grappler (level 12, 0/122 HPs)
             Began as a Troll Abyssal Knight on June 18, 2021.
             Was a High Priest of Lugonu.
             Slain by a centaur warrior (2 damage)
             ... on level 13 of the Dungeon.
             The game lasted 00:14:51 (9913 turns).

spiderkeys the Grappler (Troll Abyssal Knight)      Turns: 9913, Time: 00:14:52

Health: 0/122      AC: 10    Str: 37    XL:     12   Next: 13%
Magic:  13/17      EV: 11    Int: 16    God:    Lugonu [*****.]
Gold:   710        SH:  0    Dex:  9    Spells: 11/11 levels left

rFire    . . .     SeeInvis .     - Unarmed
rCold    . . .     Faith    .   (no shield)
rNeg     . . .     Spirit   .   X - +0 acid dragon scales
rPois    +         Reflect  .   (helmet restricted)
rElec    +         Harm     .   r - +0 cloak
rCorr    +         Rampage  .   (gloves unavailable)
Will     .....                  (boots unavailable)
Stlth    ..........             g - amulet of regeneration
HPRegen  2.30/turn              f - ring of Xisetaps {rElec Str+6}
MPRegen  0.15/turn              G - ring "Vacsoism" {rPois Str+4 Int+6 Stlth-}

@: no status effects
A: large, unfitting armour, claws 3, regeneration 1, shaggy fur 1, tough skin 1,
clever 1, sense surroundings 1
a: Renounce Religion, Depart the Abyss, Bend Space, Banish, Corrupt, Enter the
Abyss


You were on level 13 of the Dungeon.
You worshipped Lugonu.
Lugonu was extremely pleased with you.
You visited 1 branch of the dungeon, and saw 13 of its levels.
You visited the Abyss 1 time.
You also visited: Sewer.

You collected 734 gold pieces.
You spent 24 gold pieces at shops.


Innate Abilities, Weirdness & Mutations

You are too large for most types of armour.
You have claws for hands.
Your natural rate of healing is unusually fast.
You are covered in fur. (AC +1)
You have tough skin. (AC +1)
Your mind is acute. (Int +2)
You passively map a small area around you.


   Skills:
 + Level 8.5 Fighting
 - Level 4.7 Armour
 + Level 8.3 Dodging
 + Level 9.9 Unarmed Combat
 + Level 9.1 Invocations


You had 11 spell levels left.
You didn't know any spells.
Your spell library contained the following spells:

 Spells                   Type           Power      Damage    Failure   Level
 Animate Skeleton         Necr           0%         N/A       28%         1
 Magic Dart               Conj           0%         1d3       28%         1
 Pain                     Necr           0%         1d4       28%         1
 Blink                    Tloc           N/A        N/A       41%         2
 Call Imp                 Summ           0%         N/A       41%         2
 Slow                     Hex            0%         N/A       41%         2
 Conjure Flame            Conj/Fire      0%         6-21      65%         3
 Mephitic Cloud           Conj/Pois/Air  0%         N/A       65%         3
 Vampiric Draining        Necr           0%         2d6       65%         3
 Animate Dead             Necr           0%         N/A       96%         4
 Agony                    Necr           0%         N/A       100%        5

Inventory:

Missiles
 b - 326 stones
 c - 243 arrows
 e - 80 sling bullets
 t - 49 bolts
 y - 77 poisoned darts
 Q - 10 boomerangs
 R - a curare-tipped dart {=f}
 T - 2 throwing nets {=f!f}
 Z - 4 javelins
Armour
 r - a +0 cloak (worn)
   (You found it on level 3 of the Dungeon)
 D - a +0 hat
   (You found it on level 12 of the Dungeon)
 X - +0 acid dragon scales (worn)
   (You found it on level 11 of the Dungeon)
Jewellery
 d - an amulet of reflection
   (You found it on level 12 of the Dungeon)
 f - the ring of Xisetaps (left claw) {rElec Str+6}
   (You acquired it on level 1 of the Dungeon)

   [ring of strength]

   It affects your strength (+6).
   It insulates you from electricity.
 g - an amulet of regeneration (around neck)
   (You found it on level 3 of the Abyss)
 G - the ring "Vacsoism" (right claw) {rPois Str+4 Int+6 Stlth-}
   (You acquired it on level 5 of the Dungeon)

   [ring of intelligence]

   It affects your strength (+4).
   It affects your intelligence (+6).
   It protects you from poison.
   It makes you less stealthy.
 N - a ring of positive energy
   (You found it on level 9 of the Dungeon)
Wands
 n - a wand of flame (11)
   (You found it on level 3 of the Dungeon)
 I - a wand of digging (7)
   (You found it on level 6 of the Dungeon)
 O - a wand of iceblast (9)
   (You found it on level 7 of the Dungeon)
 U - a wand of mindburst (16)
   (You found it on level 10 of the Dungeon)
 Y - a wand of acid (10)
   (You took it off a centaur on level 11 of the Dungeon)
Scrolls
 k - 3 scrolls of vulnerability {!r!r}
 l - a scroll of amnesia
 m - 6 scrolls of teleportation {@r4}
 o - 4 scrolls of fog
 q - 2 scrolls of fear
 s - 2 scrolls of summoning
 u - 3 scrolls of enchant weapon
 x - 2 scrolls of blinking {!r}
 A - 2 scrolls of brand weapon
 K - a scroll of enchant armour {unknown}
 L - a scroll of magic mapping {unknown}
 P - a scroll of torment {unknown}
 V - a scroll of immolation {unknown}
Potions
 a - a potion of ambrosia {unknown}
 h - 7 potions of curing {@q1}
 i - 5 potions of brilliance
 j - 2 potions of magic {unknown}
 p - a potion of degeneration {unknown}
 v - 3 potions of lignification {unknown}
 w - a potion of invisibility {unknown}
 z - 4 potions of attraction {!q}
 B - 4 potions of heal wounds {unknown}
 C - 4 potions of flight {unknown}
 E - a potion of might {unknown}
 F - a potion of cancellation {unknown}
 M - 5 potions of mutation {!q}
 S - 2 potions of berserk rage {unknown}
 W - 2 potions of haste {unknown}

Dungeon Overview and Level Annotations

Branches:
Dungeon (13/15)            Temple (0/1) D:5            Lair (0/6) D:9
    Orc (0/2) D:11          Sewer (visited)
 Vaults: D:13-14

Altars:
Ashenzari
Elyvilon
Fedhas
Gozag
Kikubaaqudgha
Okawaru
Sif Muna
Vehumet
Zin

Shops:
D:1 (   D:2 *   D:12 :

Annotations:
D:4 3 runed translucent doors, bande's ghost, weakling GrFi
D:10 2 transporters, HilariousDeathArtist's ghost, journeyman DjGl
Abyss:1 Azrael; Sonja

###### #.......
#....#### #.######
#.##....### #.#
#.####....# #.###
#.......#.# #...#
#########.#.# ###.#
#...........# #.#
#.#######.#######.#
#.#..@c.#..†......#
#.##†##§###########
#.##.##☼# #....##○#
#######○# , . #○#
.. ######.# .?.
#.....J# ...
#..!...# ..,


You could see a centaur warrior.


Message History

You regained 2 hp, and now have 59/122 hp. 😮 HP[+3]
You regained 3 hp, and now have 62/122 hp.
You start resting.
A hell hound comes into view. 😮 HP[+11]
You regained 11 hp, and now have 73/122 hp. 😮 HP[+2]
You regained 2 hp, and now have 75/122 hp.
You miss the hell hound. The hell hound barely misses you.
A hell hound comes into view.
The hell hound bites you but does no damage. 😮 HP[+3]
You regained 3 hp, and now have 78/122 hp.
You scratch the hell hound but do no damage.
You claw the hell hound!
The hell hound closely misses you. 😮 HP[+1]
You scratch the hell hound. 😮 HP[+2]
You regained 2 hp, and now have 81/122 hp.
The sentinel's mark upon you fades away.
The hell hound bites you but does no damage. x2
The hell hound bites you! 😮 HP[-4]
You take 4 damage, and now have 77/122 hp.
You closely miss the hell hound. The hell hound bites you!
The hell hound bites you. x2 😮 HP[-11]
You take 11 damage, and now have 66/122 hp.
You closely miss the hell hound.
A fire bat comes into view.
The hell hound bites you. The hell hound barely misses you.
You claw the hell hound! The hell hound misses you.
The hell hound breathes flames at you. The blast of flame hits you!
* * * LOW HITPOINT WARNING * * *
The hell hound bites you!
* * * LOW HITPOINT WARNING * * *
You hear a shout! 😨 HP[-20]
You take 20 damage, and now have 46/122 hp.
You mangle the hell hound!!
You kill the hell hound!
Lugonu accepts your kill.
A centaur warrior comes into view. It is wielding a +0 quarterstaff.
The hell hound bites you.
* * * LOW HITPOINT WARNING * * *
You mangle the hell hound!!
You kill the hell hound!
Lugonu accepts your kill.
The fire bat bites you but does no damage.
Your Invocations skill increases to level 9! 😨 HP[+2]
You regained 2 hp, and now have 48/122 hp.
You mangle the fire bat!!
You kill the fire bat!
Lugonu accepts your kill.
The centaur warrior unwields a +0 quarterstaff.
The centaur warrior wields a +0 shortbow.
The centaur warrior shoots an arrow.
The arrow hits you.
* * * LOW HITPOINT WARNING * * *
😨 HP[-3]
You take 3 damage, and now have 45/122 hp.
Azrael the Boundless Flame comes into view.
He is wielding a +2 scimitar of flaming.
The centaur warrior unwields a +0 shortbow.
The centaur warrior wields a +0 quarterstaff.
The centaur warrior hits you with a +0 quarterstaff.
* * * LOW HITPOINT WARNING * * *
The centaur warrior kicks you but does no damage.
A slime creature comes into view.
The centaur warrior hits you with a +0 quarterstaff!
* * * LOW HITPOINT WARNING * * *
The centaur warrior completely misses you.
You see here a hell hound corpse. 😨 HP[-10]
You take 10 damage, and now have 35/122 hp.
The centaur warrior unwields a +0 quarterstaff.
The centaur warrior wields a +0 shortbow.
The centaur warrior shoots an arrow.
The arrow hits you!!
* * * LOW HITPOINT WARNING * * *
😱 HP[-20]
You take 20 damage, and now have 15/122 hp.
Okay, then.
Press: ? - help, Shift-Dir - straight line, f - Azrael
Aim: Azrael, wielding a +2 scimitar of flaming (chance to affect: 73%) Azrael is devoured by a tear in reality.
Lugonu claims a new guest. 😱 HP[+2] MP[-4]
You regained 2 hp, and now have 17/122 hp.
You lost 4 mp, and now have 13/17 mp.
Okay, then.
It was a potion of mutation.
You feel extremely strange.
You feel clever.
You feel a strange attunement to the structure of the dungeons.
The centaur warrior unwields a +0 shortbow.
The centaur warrior wields a +0 quarterstaff.
The centaur warrior hits you with a +0 quarterstaff!
* * * LOW HITPOINT WARNING * * *
The centaur warrior kicks you.
You die...

Skill      XL: |  1  2  3  4  5  6  7  8  9 10 11 12 |
---------------+-------------------------------------+-----
Dodging        | 2 3 4 5 7 8 |  8.3
Invocations    | 2 3 4 5 6 7 8 9 |  9.1
Armour         | 1 2 3 4 |  4.7
Fighting       | 3 4 5 6 7 8 |  8.5
Unarmed Combat | 3 4 5 6 8 9 |  9.9

Action                   |  1- 3 |  4- 6 |  7- 9 | 10-12 || total
-------------------------+-------+-------+-------+-------++-------
Melee: Unarmed           |    73 |   158 |   441 |   222 ||   894
       Punch             |       |     2 |    18 |    15 ||    35
Throw: Dart              |       |     3 |       |     4 ||     7
Invok: Depart the Abyss  |     1 |       |       |       ||     1
       Banish            |       |       |       |     5 ||     5
  Use: Scroll            |     3 |     1 |    10 |     1 ||    15
       Potion            |       |       |       |     3 ||     3
 Stab: Sleeping          |     1 |       |       |       ||     1
Armor: Robe              |    21 |    57 |   195 |    44 ||   317
       Acid dragon scale |       |       |       |    32 ||    32
Dodge: Dodged            |    42 |    71 |   263 |   133 ||   509

Levels and vault maps discovered:
D:1:      minmay_arrival_split_and_join, layout_basic,
          hellmonk_ecumenical_altar_leap_of_faith, serial_shops,
          nicolae_lakefront_shop
D:2:      layout_loops_ring, serial_shops, nicolae_diamond_shop
D:3:      layout_loops_ring, nicolae_overflow_hidden_temple,
          chequers_decorated_corner, skrybe_limestone_x
D:4:      layout_rooms, gammafunk_ghost_necromancy, uniq_blork_the_orc
D:5:      old_forge, layout_cave_pools, grunt_temple_overflow_magic_moments,
          minmay_temple_entry_tees, portal_sewer_entry_e, lightli_corner_chamber
D:6:      layout_gridville, pdpol_temple_overflow_zin_treasury_gozag_greed
D:7:      layout_layer_cave
D:8:      layout_rooms, minmay_misc_feat_rows
D:9:      layout_long_grid, fedhas_altar_2, david_lair_shrubbed
D:10:     layout_big_octagon, lemuel_tele_altar, elyvilon_altar_5,
          gammafunk_ghost_arena, hangedman_decor_diamond_cutter, eino_jars,
          uniq_sonja, uniq_harold
D:11:     layout_loops_ring, erik_orc_3, uniq_urug
D:12:     layout_gridville, serial_shops, shop
D:13:     layout_basic, uniq_azrael

Notes
Turn   | Place    | Note
-------+----------+-------------------------------------------
     0 | Abyss:1  | spiderkeys the Troll Abyssal Knight began the quest for the
                  | Orb.
     0 | Abyss:1  | Reached XP level 1. HP: 22/22 MP: 1/1
     0 | Abyss:1  | magus.rc [v1.9.10]
    28 | Abyss:2  | Noticed a fire crab
    94 | Abyss:3  | Noticed a large abomination
   101 | Abyss:3  | Noticed an ancient lich
   102 | D:1      | You pass through the gate.
   102 | D:1      | Escaped the Abyss
   251 | D:1      | Reached skill level 2 in Dodging
   260 | D:1      | Found Mephuint's Antique Weapon Emporium.
   277 | D:1      | Reached * piety under Lugonu
   517 | D:1      | Reached XP level 2. HP: 29/29 MP: 2/2
   554 | D:1      | Found a faded altar of an unknown god.
   822 | D:1      | Identified a scroll of acquirement
   822 | D:1      | Acquired the ring of Xisetaps {rElec Str+6}
  1080 | D:2      | Reached skill level 2 in Invocations
  1080 | D:2      | Reached XP level 3. HP: 36/36 MP: 3/3
  1163 | D:2      | Noticed a scorpion
  1172 | D:2      | Killed a scorpion
  1173 | D:2      | Reached skill level 1 in Armour
  1173 | D:2      | Reached XP level 4. HP: 40/44 MP: 4/4
  1350 | D:2      | Found Nijiomof's General Store.
  1368 | D:2      | Bought a scroll of identify for 24 gold pieces
  1766 | D:3      | Reached ** piety under Lugonu
  1767 | D:3      | Reached skill level 3 in Fighting
  1855 | D:3      | Found a broken altar of Ashenzari.
  2107 | D:3      | Reached XP level 5. HP: 53/53 MP: 5/5
  2431 | D:4      | Noticed a necrophage
  2441 | D:4      | Killed a necrophage
  2442 | D:4      | Reached skill level 2 in Armour
  2442 | D:4      | Reached skill level 3 in Unarmed Combat
  2580 | D:4      | Noticed a necrophage
  2584 | D:4      | Reached XP level 6. HP: 50/61 MP: 7/7
  2624 | D:4      | Reached skill level 3 in Dodging
  2624 | D:4      | Reached skill level 3 in Invocations
  2920 | D:4      | Found a runed translucent gate.
  2920 | D:4      | Found a runed translucent gate.
  2922 | D:4      | Found a runed translucent gate.
  2927 | D:4      | Noticed bande's ghost (weakling GrFi)
  2934 | D:4      | Noticed Blork the orc
  2943 | D:4      | Killed Blork the orc
  2944 | D:4      | Reached XP level 7. HP: 48/67 MP: 8/8
  3079 | D:5      | Entered Level 5 of the Dungeon
  3100 | D:4      | Reached skill level 4 in Unarmed Combat
  3119 | D:5      | Reached *** piety under Lugonu
  3133 | D:5      | Reached skill level 4 in Fighting
  3133 | D:5      | Reached skill level 3 in Armour
  3150 | D:5      | Identified the +2 pair of gloves of Plog {rN+ Slay+2}
  3216 | D:5      | Found a glowing drain.
  3236 | Sewer    | Entered a sewer
  3498 | Sewer    | Reached skill level 4 in Invocations
  3572 | D:5      | Reached **** piety under Lugonu
  3574 | D:5      | Reached XP level 8. HP: 77/78 MP: 10/10
  3610 | D:5      | Reached skill level 4 in Dodging
  3686 | D:5      | Acquired the ring "Vacsoism" {rPois Str+4 Int+6 Stlth-}
  3689 | D:5      | Found a staircase to the Ecumenical Temple.
  3790 | D:5      | Found an ancient bone altar of Kikubaaqudgha.
  3828 | D:5      | Reached skill level 5 in Unarmed Combat
  3888 | D:5      | Found a shimmering blue altar of Sif Muna.
  3890 | D:5      | Found a radiant altar of Vehumet.
  3894 | D:5      | Identified Vehumet's Collected Works on Confrontation
  4021 | D:5      | Noticed a troll
  4097 | D:5      | Found the +7 Singing Sword {vorpal, sonic wave}
  4473 | D:6      | Found an opulent altar of Gozag.
  4502 | D:6      | Found a glowing silver altar of Zin.
  4720 | D:6      | Reached skill level 4 in Armour
  4947 | D:7      | Reached ***** piety under Lugonu
  4948 | D:7      | Reached skill level 5 in Fighting
  4948 | D:7      | Reached skill level 5 in Invocations
  4953 | D:7      | Reached XP level 9. HP: 73/88 MP: 11/11
  5973 | D:8      | HP: 17/87 [orc warrior (17)]
  5978 | D:8      | HP: 19/87 [wyvern zombie (3)]
  6020 | D:7      | Reached skill level 5 in Dodging
  6102 | D:8      | Reached skill level 6 in Unarmed Combat
  6267 | D:8      | HP: 20/88 [orc warrior (13)]
  6481 | D:9      | Paralysed by a hornet for 2 turns
  6489 | D:9      | HP: 19/88 [hornet (12)]
  6554 | D:9      | Reached skill level 6 in Invocations
  6627 | D:9      | Found a staircase to the Lair.
  6628 | D:9      | Noticed a komodo dragon
  6685 | D:9      | Killed a komodo dragon
  6686 | D:9      | Reached skill level 6 in Fighting
  6686 | D:9      | Reached XP level 10. HP: 67/98 MP: 13/13
  6863 | D:9      | Found a blossoming altar of Fedhas.
  6941 | D:9      | Noticed a two-headed ogre
  6946 | D:9      | Killed a two-headed ogre
  6947 | D:9      | Reached skill level 6 in Dodging
  6947 | D:9      | Reached skill level 7 in Unarmed Combat
  7199 | D:10     | Entered Level 10 of the Dungeon
  7324 | D:10     | Noticed a wizard
  7325 | D:10     | Noticed a deep elf zephyrmancer
  7363 | D:10     | Noticed Harold
  7372 | D:10     | Killed Harold
  7396 | D:10     | You pick up a book of Minor Magic and begin reading...
  7396 | D:10     | You add the spells Blink, Call Imp, Slow, Conjure Flame and
                  | Mephitic Cloud to your library.
  7425 | D:10     | Found an iron altar of Okawaru.
  7516 | D:10     | Noticed a two-headed ogre
  7522 | D:10     | Killed a two-headed ogre
  7523 | D:10     | Reached skill level 7 in Invocations
  7633 | D:10     | Noticed Sonja
  7641 | D:10     | Found a transporter.
  7643 | D:10     | Noticed HilariousDeathArtist's ghost (journeyman DjGl)
  7644 | D:10     | Noticed a two-headed ogre
  7646 | D:10     | Noticed a cyclops
  7652 | D:10     | Banished Sonja
  7653 | D:10     | Reached skill level 7 in Fighting
  7653 | D:10     | Reached skill level 8 in Unarmed Combat
  7731 | D:10     | Found a white marble altar of Elyvilon.
  7877 | D:10     | Found a transporter.
  7919 | D:11     | Noticed a manticore
  7924 | D:11     | Killed a manticore
  7925 | D:11     | Reached skill level 7 in Dodging
  7925 | D:11     | Reached XP level 11. HP: 83/109 MP: 15/15
  7943 | D:11     | Noticed a four-headed hydra
  7946 | D:11     | Banished a five-headed hydra
  8015 | D:11     | You pick up a book of Necromancy and begin reading...
  8015 | D:11     | You add the spells Pain, Animate Skeleton, Vampiric
                  | Draining, Animate Dead and Agony to your library.
  8275 | D:11     | Reached skill level 8 in Invocations
  8296 | D:11     | Noticed a centaur warrior
  8303 | D:11     | Killed a centaur warrior
  8324 | D:11     | Found a staircase to the Orcish Mines.
  8540 | D:11     | Noticed a six-headed hydra
  8542 | D:11     | Banished a six-headed hydra
  8543 | D:11     | Reached skill level 9 in Unarmed Combat
  8599 | D:11     | Noticed Urug
  8599 | D:11     | Noticed a boulder beetle
  8615 | D:11     | Killed Urug
  8617 | D:11     | a +2 eveningstar of protection {rare}; 4 javelins; a +1
                  | scale mail of cold resistance
  8628 | D:11     | HP: 23/111 [boulder beetle (18)]
  8630 | D:11     | Banished a boulder beetle
  8631 | D:11     | Reached skill level 8 in Fighting
  8667 | D:11     | a +2 eveningstar of protection {rare}; a +1 scale mail of
                  | cold resistance
  8851 | D:12     | Found Ynka's Book Shop.
  9022 | D:12     | Noticed a two-headed ogre
  9032 | D:12     | Killed a two-headed ogre
  9113 | D:12     | Identified the +1 ring mail "Retinwy" {Harm Int+3}
  9119 | D:12     | Reached skill level 8 in Dodging
  9165 | D:12     | Noticed a two-headed ogre
  9172 | D:12     | Killed a two-headed ogre
  9801 | D:13     | Noticed a green ugly thing
  9811 | D:13     | Killed a green ugly thing
  9867 | D:13     | Reached XP level 12. HP: 113/122 MP: 17/17
  9907 | D:13     | Noticed a centaur warrior
  9909 | D:13     | Reached skill level 9 in Invocations
  9910 | D:13     | Noticed Azrael
  9911 | D:13     | HP: 15/122 [centaur warrior/arrow (22)]
  9912 | D:13     | Banished Azrael
  9913 | D:13     | Gained mutation: Your mind is acute. (Int +2) [potion of
                  | mutation]
  9913 | D:13     | Gained mutation: You passively map a small area around you.
                  | [potion of mutation]
  9913 | D:13     | HP: 2/122 [centaur warrior (17)]
  9913 | D:13     | Slain by a centaur warrior

Vanquished Creatures
  Harold (D:10)
  A centaur warrior (D:11)
  4 two-headed ogres
  Urug (D:11)
  An ugly thing (D:13)
  A manticore (D:11)
  A komodo dragon (D:9)
  A kobold demonologist (D:10)
  2 trolls
  A hornet (D:9)
  3 slime creatures (D:12)
  A meliai zombie (D:11)
  2 water elementals (D:13)
  2 wyverns
  A fire bat (shapeshifter) (D:13)
  3 vampire mosquitoes (D:11)
  A steam dragon (D:5)
  A warg (D:11)
  An acid dragon (D:11)
  2 hell hounds (D:13)
  2 ice beasts
  6 orc warriors
  A sky beast (D:5)
  A black bear (D:7)
  3 necrophages
  2 ogres
  4 centaurs
  2 kobold brigands
  Blork the orc (D:4)
  2 bullfrogs (D:8)
  A wyvern zombie (D:8)
  4 scorpions
  A water moccasin skeleton (D:7)
  6 wights
  5 killer bees (D:10)
  2 howler monkeys
  3 centaur zombies
  2 jellies
  2 centaur skeletons (D:6)
  2 hounds (D:5)
  A gnoll shaman (D:6)
  A bullfrog skeleton (D:5)
  8 orc priests
  6 orc wizards
  An iguana (D:5)
  A hound skeleton (D:5)
  2 howler monkey zombies
  6 gnolls
  2 river rats (D:5)
  9 adders
  A shadow imp (D:5)
  3 white imps
  An ufetubus (D:5)
  An adder skeleton (D:4)
  2 worms
  2 dart slugs (D:4)
  22 orcs
  15 ball pythons
  8 endoplasms
  A giant cockroach (D:1)
  11 goblins
  11 hobgoblins
  15 jackals
  3 quokkas
  13 bats
  4 frilled lizards
  28 kobolds
  4 rats
265 creatures vanquished.

Vanquished Creatures (others)
  An electric eel (D:13)
  5 fungi (D:5)
  9 plants
15 creatures vanquished.

Grand Total: 280 creatures vanquished

Table legend:
 A = Non-vault XP
 B = Vault XP
 C = Vault XP percentage of total XP
 D = Non-vault monster count
 E = Vault monster count
 F = Vault count percentage of total count
                 A         B        C        D         E       F
            +---------+---------+-------+---------+---------+-------
      Total |   17974 |    6053 |  25.2 |     197 |      73 |  27.0
            +---------+---------+-------+---------+---------+-------
        D:1 |      30 |       0 |   0.0 |      16 |       0 |   0.0
        D:2 |     137 |       0 |   0.0 |      24 |       0 |   0.0
        D:3 |      68 |       0 |   0.0 |      11 |       0 |   0.0
        D:4 |     555 |      99 |  15.1 |      27 |       1 |   3.6
        D:5 |     814 |     282 |  25.7 |      28 |      21 |  42.9
        D:6 |     417 |       0 |   0.0 |       9 |       0 |   0.0
        D:7 |    1059 |       0 |   0.0 |      21 |       0 |   0.0
        D:8 |     897 |       0 |   0.0 |      16 |       0 |   0.0
        D:9 |    1610 |     367 |  18.6 |      13 |       1 |   7.1
       D:10 |    2012 |    2145 |  51.6 |       7 |       7 |  50.0
       D:11 |    6266 |    1460 |  18.9 |      14 |      16 |  53.3
       D:12 |    2859 |       0 |   0.0 |       6 |       0 |   0.0
       D:13 |    1250 |    1566 |  55.6 |       5 |       3 |  37.5
      Sewer |       0 |     134 | 100.0 |       0 |      24 | 100.0
            +---------+---------+-------+---------+---------+-------

Illustrated notes

Table legend:
 A = Kills in this place as a percentage of kills in entire the game.
 B = Kills by you in this place as a percentage of kills by you in the entire game.
 C = Kills by friends in this place as a percentage of kills by friends in the entire game.
 D = Other kills in this place as a percentage of other kills in the entire game.
 E = Experience gained in this place as a percentage of experience gained in the entire game.
 F = Experience gained in this place divided by the number of levels of this place that you have seen.
                   A       B       C       D       E      F
               +-------+-------+-------+-------+-------+----------------------
         Total | 100.0 | 100.0 |   N/A | 100.0 | 100.0 | 1413.4
       Dungeon |  91.1 |  90.9 |   N/A | 100.0 |  99.4 | 1837.9
         Sewer |   8.9 |   9.1 |   N/A |   0.0 |   0.6 | 134.0
               +-------+-------+-------+-------+-------+----------------------

Table legend: (Time is in decaauts)
 A = Elapsed time spent in this place.
 B = Non-inter-level travel time spent in this place.
 C = Inter-level travel time spent in this place.
 D = Time resting spent in this place.
 E = Time spent auto-exploring this place.
 F = Levels seen in this place.
 G = Mean time per level.
                   A        B        C        D        E       F      G
               +--------+--------+--------+--------+--------+-----+--------+
         Total |   9863 |   9414 |    449 |     47 |   7535 |  17 |  580.2 |
       Dungeon |   9442 |   8993 |    449 |     47 |   7312 |  13 |  726.3 |
         Abyss |    101 |    101 |      0 |      0 |     19 |   3 |   33.7 |
         Sewer |    319 |    319 |      0 |      0 |    203 |   1 |  319.0 |
               +--------+--------+--------+--------+--------+-----+--------+

Top non-repeatable levels by time:
     D:7: 1184 daAuts
    D:12: 922 daAuts
    D:11: 913 daAuts
     D:1: 842 daAuts
     D:5: 827 daAuts
     D:3: 794 daAuts
     D:9: 743 daAuts
     D:2: 722 daAuts
    D:10: 712 daAuts
     D:4: 621 daAuts
     D:6: 592 daAuts
     D:8: 436 daAuts
   Sewer: 319 daAuts
    D:13: 129 daAuts
 Abyss:3: 39 daAuts
